 Dungeon Crawl Stone Soup version 0.29-a0-819-g94b489e0ae (webtiles) character file.

Game seed: 12315234280605589293

0 porpoise the Sneak (level 1, -3/18 HPs)
             Began as a Merfolk Delver on July 7, 2022.
             Slain by an iguana (6 damage)
             ... on level 4 of the Dungeon.
             The game lasted 00:01:55 (188 turns).

porpoise the Sneak (Merfolk Delver)                  Turns: 188, Time: 00:01:56

Health: -3/18      AC:  3    Str: 12    XL:     1   Next: 10%
Magic:  1/1        EV: 12    Int:  9    God:
Gold:   0          SH:  0    Dex: 15    Spells: 0/0 levels left

rFire   . . .      SeeInvis .   a - +0 spear
rCold   . . .      Faith    .   (no shield)
rNeg    . . .      Spirit   .   b - +0 leather armour
rPois   .          Reflect  .   (no helmet)
rElec   .          Harm     .   (no cloak)
rCorr   .          Rampage  .   (no gloves)
Will    .....                   (no boots)
Stlth   +++.......              h - amulet of the acrobat
HPRegen 0.06/turn               (no ring)
MPRegen 0.07/turn               (no ring)

@: no status effects
A: (nimble swimmer 2), mertail
a: no special abilities


You were on level 4 of the Dungeon.
You visited 1 branch of the dungeon, and saw 2 of its levels.

Inventory:

Hand Weapons
 a - a +0 spear (weapon)
Armour
 b - a +0 leather armour (worn)
Jewellery
 h - an amulet of the acrobat (around neck)
Wands
 g - a wand of digging (3)
Scrolls
 c - a scroll of fog
 d - a scroll of magic mapping
 e - a scroll of fear
 i - a scroll of immolation {unknown}
Potions
 f - a potion of haste


   Skills:
 + Level 3.3 Fighting
 * Level 2.7 Polearms
 - Level 2.6 Dodging
 - Level 5.4 Stealth


You couldn't memorise any spells.
You didn't know any spells.
Your spell library contained the following spells:

 Spells                   Type           Power      Damage    Failure   Level
 Dazzling Flash           Conj/Hex       0%         N/A       83%         3
 Iskenderun's Mystic Bla  Conj/Tloc      0%         2d3       99%         4
 Starburst                Conj/Fire      0%         6d3       100%        6


Dungeon Overview and Level Annotations

Branches:
Dungeon (5/15)
 Temple: D:4-7

Altars:


Innate Abilities, Weirdness & Mutations

((You are very nimble when in or above water. (Stealth+, EV+, Speed+++)))
Your lower body shifts to a powerful aquatic tail in water.


Message History

You hit the iguana but do no damage.
The iguana bites you but does no damage.
You hit the iguana but do no damage. You barely miss the iguana.
The iguana closely misses you.
You barely miss the iguana. The iguana misses you.
You closely miss the iguana. The iguana closely misses you.
You barely miss the iguana. The iguana bites you.
You completely miss the iguana. The iguana bites you!
You hit the iguana.
The iguana is lightly wounded.
The iguana bites you.
You hit the iguana.
The iguana is moderately wounded.
The iguana bites you.
* * * LOW HITPOINT WARNING * * *
You hit the iguana but do no damage.
The iguana is moderately wounded.
The iguana barely misses you.
Unknown command.
Okay, then.
You hit the iguana but do no damage.
The iguana is moderately wounded.
The iguana closely misses you.
Unknown command.
As you read the scroll of fear, it crumbles to dust.
You assume a fearsome visage.
The iguana looks frightened!
Reach: a) +0 spear
Press: ? - help, Dir - move target, f/p - iguana
Aim: an iguana (moderately wounded, fleeing, about 34% to evade your +0 spear)
You reach to attack!
You catch the helpless iguana completely off-guard!
You hit the iguana but do no damage.
Your attack snaps the iguana out of its fear.
The iguana is moderately wounded.
Unknown command.
You see here a +0 club.
You hit the iguana but do no damage.
The iguana is moderately wounded.
The iguana bites you.
You die...

#.# #. #.# #.# #.#
..# #.### .. #...#
#l## ###.# ..# #.#
#.## #.# #.K# #@#
##.## #l## #..#
#..# ##.#####.#
#....##.# ##
###.....##.....##
##..........l...##
#....[...........#
#.......)........#


You could see an iguana.

Vanquished Creatures
  A kobold (D:4)
1 creature vanquished.

Notes
Turn   | Place    | Note
-------+----------+-------------------------------------------
     0 | D:5      | porpoise the Merfolk Delver began the quest for the Orb.
     0 | D:5      | Reached XP level 1. HP: 18/18 MP: 1/1
   116 | D:4      | Noticed an iguana
   188 | D:4      | Slain by an iguana

Illustrated notes

Levels and vault maps discovered:
D:4:      layout_rooms, gammafunk_ghost_necromancy
D:5:      layout_cave_pods, nicolae_ru_awakened_eye,
          nicolae_dithmenos_shadow_blocks, dk_noncrumbling_2,
          chequers_serial_rivers_marsh, kennysheep_generic_room_13,
          uniq_menkaure

Action                   || total
-------------------------++-------
Melee: Spear             ||    17
  Use: Scroll            ||     1
 Stab: Fleeing           ||     1
Armor: Leather armour    ||     1
Dodge: Dodged            ||     6

Table legend: (Time is in decaauts)
 A = Elapsed time spent in this place.
 B = Non-inter-level travel time spent in this place.
 C = Inter-level travel time spent in this place.
 D = Time resting spent in this place.
 E = Time spent auto-exploring this place.
 F = Levels seen in this place.
 G = Mean time per level.
                   A        B        C        D        E       F      G
               +--------+--------+--------+--------+--------+-----+--------+
         Total |    187 |    187 |      0 |     18 |     32 |   2 |   93.5 |
       Dungeon |    187 |    187 |      0 |     18 |     32 |   2 |   93.5 |
               +--------+--------+--------+--------+--------+-----+--------+

Top non-repeatable levels by time:
     D:4: 127 daAuts
     D:5: 60 daAuts
